 Dungeon Crawl Stone Soup version 0.29.1-4-g47bece8355 (webtiles) character file.

Game seed: 7937610728456014332

120 Theotherone the Chopper (level 4, 0/39 HPs)
             Began as a Minotaur Fighter on Dec 5, 2022.
             Was a Believer of Wu Jian.
             Slain by Ijyb
             ... wielding a +3 club
              (2 damage)
             ... on level 3 of the Dungeon on Dec 9, 2022.
             The game lasted 00:06:19 (1787 turns).

Theotherone the Chopper (Minotaur Fighter)          Turns: 1787, Time: 00:06:19

Health: 0/39       AC:  9    Str: 23    XL:     4   Next: 75%
Magic:  3/3        EV:  9    Int:  5    God:    Wu Jian [**....]
Gold:   94         SH:  4    Dex:  9    Spells: 3/3 levels left

rFire   . . .      SeeInvis .   a - +0 war axe
rCold   . . .      Faith    .   c - +0 buckler
rNeg    . . .      Spirit   .   b - +0 scale mail
rPois   .          Reflect  .   (helmet restricted)
rElec   .          Harm     .   f - +0 cloak
rCorr   .          Rampage  .   (no gloves)
Will    .....                   q - +0 pair of boots
Stlth   ..........              (no amulet)
HPRegen 0.13/turn               (no ring)
MPRegen 0.08/turn               (no ring)

@: no status effects
A: horns 2, retaliatory headbutt
a: Renounce Religion, Wall Jump


You were on level 3 of the Dungeon.
You worshipped Wu Jian.
Wu Jian was pleased with you.
You visited 1 branch of the dungeon, and saw 3 of its levels.

You collected 94 gold pieces.

Inventory:

Hand Weapons
 a - a +0 war axe (weapon)
 r - a +3 quarterstaff of chaos
Armour
 b - a +0 scale mail (worn)
 c - a +0 buckler (worn)
 f - a +0 cloak (worn)
 q - a +0 pair of boots (worn)
Scrolls
 e - a scroll of silence {unknown}
 h - a scroll of blinking {unknown}
 j - 2 scrolls of enchant weapon {unknown}
 l - a scroll of vulnerability {unknown}
 m - 2 scrolls of butterflies {unknown}
 o - a scroll of teleportation {unknown}
 p - a scroll of identify {unknown}
Potions
 d - a potion of might
 g - a potion of flight {unknown}
 i - a potion of mutation {unknown}
 k - a potion of curing {unknown}
 n - 2 potions of lignification {unknown}


   Skills:
 - Level 3.6 Fighting
 + Level 6.1 Axes
 - Level 3.6 Armour
 - Level 3.6 Shields


You had 3 spell levels left.
You didn't know any spells.
Your spell library contained the following spells:

 Spells                   Type           Power      Damage    Failure   Level
 Summon Small Mammal      Summ           0%         N/A       86%         1
 Ignite Poison            Fire/Tmut/Pois 0%         N/A       99%         3
 Mephitic Cloud           Conj/Pois/Air  0%         N/A       99%         3
 Freezing Cloud           Conj/Ice/Air   0%         6-21      100%        5
 Summon Mana Viper        Hex/Summ       0%         N/A       100%        5
 Spellforged Servitor     Conj/Summ      0%         N/A       100%        7


Dungeon Overview and Level Annotations

Branches:
Dungeon (3/15)

Altars:
Wu Jian

Annotations:
D:3 Ijyb


Innate Abilities, Weirdness & Mutations

You have a pair of horns on your head.
You reflexively headbutt those who attack you in melee.


Message History

Ijyb is moderately wounded.
You slash the gnoll! You closely miss the gnoll. You completely miss the gnoll.
Ijyb hits you with a +3 club! The gnoll completely misses you.
The gnoll hits you from afar with a +0 halberd.
The gnoll hits you with a +0 flail. The gnoll barely misses you.
You hit Ijyb but do no damage. You headbutt Ijyb.
Ijyb is heavily wounded.
You hit the gnoll. You closely miss the gnoll. You slash the gnoll!
You kill the gnoll!
The Council accepts your kill. Ijyb hits you but does no damage.
You block the gnoll's attack. The gnoll closely misses you.
The gnoll misses you.
You closely miss Ijyb. Your headbutt misses Ijyb.
Ijyb is heavily wounded.
You closely miss the gnoll. You slash the gnoll! Ijyb hits you with a +3 club.
The gnoll closely misses you. The gnoll hits you but does no damage.
The gnoll barely misses you.
You barely miss Ijyb.
Ijyb is heavily wounded.
You hit the adder. You hit the gnoll. You barely miss the gnoll.
You block Ijyb's attack. The gnoll hits you with a +4 halberd!
* * * LOW HITPOINT WARNING * * *
The gnoll barely misses you. x2; The adder closely misses you.
Ijyb barely misses you. You furiously retaliate!
You headbutt Ijyb, but do no damage. You block the gnoll's attack.
The gnoll hits you with a +4 halberd.
* * * LOW HITPOINT WARNING * * *
The gnoll hits you with a +0 club.
* * * LOW HITPOINT WARNING * * *
You hit Ijyb but do no damage. You headbutt Ijyb.
Ijyb is severely wounded.
You hit the gnoll.
You kill the gnoll!
The Council accepts your kill.
You slash the gnoll!
You kill the gnoll!
The Council accepts your kill.
You barely miss the adder. The adder barely misses you.
You furiously retaliate!
You headbutt the adder. Ijyb hits you with a +3 club.
You die...

....# # ...#.#
. ..>#. # ..##
.... #.#
....###..#
...#
#!....rg#..##
#..g)S....# #
#)@.# #..
#####...#
.##.[#.....#.#
.......<.###.#
........## .#
......#.# ..
#####...# #.
#...# #. #...#


You could see Ijyb, a gnoll, an adder and a rat.

Vanquished Creatures
  Crazy Yiuf (D:2)
  4 adders (D:2)
  4 gnolls
  4 ball pythons
  3 bats
  2 endoplasms
  5 goblins
  5 hobgoblins
  3 quokkas (D:1)
  3 frilled lizards (D:1)
  4 kobolds
  3 rats
41 creatures vanquished.

Notes
Turn   | Place    | Note
-------+----------+-------------------------------------------
     0 | D:1      | Theotherone the Minotaur Fighter began the quest for the
                  | Orb.
     0 | D:1      | Reached XP level 1. HP: 19/19 MP: 0/0
   103 | D:1      | Reached skill level 3 in Axes
   151 | D:1      | Reached XP level 2. HP: 26/26 MP: 1/1
   238 | D:1      | Found a faded altar of an unknown god.
   258 | D:1      | Prayed at the altar of an unknown god.
   258 | D:1      | Became a worshipper of the Wu Jian Council
   258 | D:1      | Reached * piety under Wu Jian
   428 | D:1      | Reached skill level 4 in Axes
   761 | D:2      | Reached XP level 3. HP: 31/31 MP: 2/2
   916 | D:2      | Got the Codex of Beckoning
  1023 | D:2      | Reached skill level 5 in Axes
  1027 | D:2      | Reached XP level 4. HP: 25/39 MP: 3/3
  1520 | D:2      | Found a runed translucent door.
  1521 | D:2      | Noticed Crazy Yiuf
  1528 | D:2      | Killed Crazy Yiuf
  1528 | D:2      | Reached ** piety under Wu Jian
  1529 | D:2      | Reached skill level 6 in Axes
  1779 | D:3      | Noticed Ijyb
  1787 | D:3      | Slain by Ijyb

Illustrated notes

Levels and vault maps discovered:
D:1:      dpeg_arrival_simpleton_b, layout_basic, basic_ecumenical_altar,
          minivault_14, minivault_26
D:2:      layout_loops_cross, minmay_vboxes, uniq_crazy_yiuf_cottage
D:3:      layout_rooms, serial_corexii_hall, chequers_hall_statues_corner_a,
          corexii_hall_statues_t, chequers_hall_statues_wall_a,
          corexii_hall_statues_t, corexii_hall_statues_l,
          corexii_hall_statues_x, uniq_jessica, uniq_terence, uniq_ijyb,
          uniq_natasha

Skill      XL: |  1  2  3  4 |
---------------+-------------+-----
Axes           | 3 4 5 6 |  6.1
Fighting       | |  3.6
Armour         | |  3.6
Shields        | |  3.6

Action                   |  1- 3 |  4- 6 || total
-------------------------+-------+-------++-------
Melee: War axe           |    69 |    23 ||    92
       Headbutt          |     5 |     3 ||     8
Invok: Lunge             |     4 |     1 ||     5
       Whirlwind         |       |     2 ||     2
Armor: Scale mail        |    35 |     7 ||    42
Dodge: Dodged            |    32 |    21 ||    53
Block: Buckler           |    14 |    10 ||    24
